AoeStats
← Reamker

Arena

506495878Analyzed
2v2 RM · 20d ago on Sep 13, 2026· 43m 36s· 4 players
Game mode
Random Map
Map size
Medium (4 player)
Population
200
Speed
Normal
Resources
Standard
Victory
Conquest
Starting age
Dark Age
Ending age
Imperial Age
RankedLock teamsTeams togetherTeam positionsShared explorationLock speedFull tech treeHidden civsTurbo modeCheats
Victory
Defeat
🇺🇸 Poles · United States
1079
+17
🇺🇸 Britons · United States
1078
+17
🇦🇷 Bohemians · Argentina
1182
-21
🇦🇷 Persians · Argentina
1011
-33
Hellcatz63
11:22 Feudal Age
16:32 Castle Age
14:57 Stone Mining
15:09 Double-Bit Axe
15:35 Horse Collar
19:48 Heavy Plow
20:08 Bow Saw
22:39 Gold Mining
25:18 Wheelbarrow
24:30 Loom
28:23 Imperial Age
26:07 Fletching
27:03 Hand Cart
26:55 Bodkin Arrow
27:38 Ballistics
27:01 Pikeman
27:43 Scale Mail Armor
28:18 Padded Archer Armor
29:03 Forging
29:08 Chain Mail Armor
29:06 Forging
29:09 Bracer
30:17 Chemistry
30:35 Conscription
30:24 Town Watch
32:30 Chain Mail Armor
32:26 Forging
33:33 Yeomen
32:49 Halberdier
35:40 Elite Longbowman
35:47 Elite Longbowman
Reamker
10:30 Feudal Age
14:46 Castle Age
14:56 Double-Bit Axe
14:53 Horse Collar
15:10 Gold Mining
16:09 Bow Saw
23:32 Heavy Plow
23:59 Scale Barding Armor
24:04 Forging
24:01 Szlachta Privileges
29:29 Imperial Age
27:39 Wheelbarrow
27:23 Bloodlines
27:13 Husbandry
30:15 Cavalier
31:43 Chain Barding Armor
31:59 Iron Casting
36:04 Elite Skirmisher
36:50 Thumb Ring
37:50 Blast Furnace
36:41 Fletching
36:51 Padded Archer Armor
Vicious
11:21 Feudal Age
15:51 Castle Age
15:36 Double-Bit Axe
21:08 Bow Saw
25:20 Wheelbarrow
24:36 Horse Collar
25:46 Fervor
25:56 Sanctity
26:22 Hand Cart
28:30 Loom
31:19 Imperial Age
29:39 Pikeman
30:20 Squires
30:05 Arson
30:10 Town Watch
31:12 Scale Mail Armor
32:00 Wagenburg Tactics
31:20 Halberdier
32:17 Chain Mail Armor
32:16 Forging
33:43 Plate Mail Armor
33:48 Iron Casting
36:21 Blast Furnace
39:51 Two-Man Saw
38:46 Loom
39:03 Town Patrol
39:00 Fletching
39:10 Padded Archer Armor
40:23 Chemistry
40:00 Conscription
39:15 Elite Skirmisher
39:54 Bodkin Arrow
40:14 Leather Archer Armor
40:17 Man-at-Arms
41:47 Bracer
42:17 Ring Archer Armor
41:29 Long Swordsman
42:36 Two-Handed Swordsman
43:23 Scale Barding Armor
43:40 Bombard Tower
43:41 Ballistics
AlxZ
11:14 Feudal Age
11:32 Loom
15:41 Castle Age
14:34 Double-Bit Axe
20:47 Horse Collar
22:42 Heavy Plow
25:15 Bow Saw
26:13 Gold Mining
28:06 Wheelbarrow
29:44 Fletching
30:00 Scale Barding Armor
30:08 Forging
30:17 Hand Cart
32:47 Imperial Age
31:00 Bodkin Arrow
31:18 Bloodlines
31:08 Husbandry
32:18 Gold Shaft Mining
31:34 Stone Mining
31:21 Elite Skirmisher
33:47 Chain Barding Armor
33:15 Cavalier
35:21 Plate Barding Armor
34:47 Padded Archer Armor
35:52 Chemistry
35:13 Ballistics
35:39 Iron Casting
35:18 Cavalier
38:30 Leather Archer Armor
39:15 Blast Furnace
Connection lost

Rejoining the realm…

Still unreachable

The connection could not be restored.

Session expired

The server has moved on; the page needs a fresh start.